 Dungeon Crawl Stone Soup version 0.31-a0-740-g87205ac768 (webtiles) character file.

Game seed: 4633322068260017207

83 Iich the Covered (level 4, 0/60 HPs)
             Began as a Minotaur Fighter on Sept 12, 2023.
             Killed from afar by an orc wizard (4 damage)
             ... with a puff of flame
             ... on level 4 of the Dungeon.
             The game lasted 00:02:17 (812 turns).

Iich the Covered (Minotaur Fighter)                  Turns: 812, Time: 00:02:18

Health: 0/60       AC:  7    Str: 20    XL:     4   Next: 22%
Magic:  3/3        EV: 10    Int:  5    God:
Gold:   60         SH:  4    Dex: 12    Spells: 3/3 levels left

rFire   . . .        a - +0 war axe
rCold   . . .        c - +0 buckler
rNeg    . . .        b - +0 scale mail
rPois   .            (helmet restricted)
rElec   .            (no cloak)
rCorr   .            (no gloves)
SInv    .            (no boots)
Will    .....        (no amulet) Stlth
                     (no ring)
HPRegen 0.30/turn    (no ring)
MPRegen 0.08/turn

%: no passive effects
@: mighty, berserking, very quick
A: horns 2, retaliatory headbutt
a: no special abilities


You were on level 4 of the Dungeon.
You visited 1 branch of the dungeon, and saw 3 of its levels.

You collected 60 gold pieces.

Inventory:

Hand Weapons
 a - a +0 war axe (weapon)
Armour
 b - a +0 scale mail (worn)
 c - a +0 buckler (worn)
Jewellery
 f - a +6 ring of intelligence
Scrolls
 e - a scroll of identify {unknown}
 i - a scroll of torment {unknown}
 j - a scroll of amnesia {unknown}
Potions
 g - a potion of heal wounds {unknown}


   Skills:
 + Level 4.2 Fighting
 * Level 3.9 Axes
 + Level 4.2 Armour
 + Level 1.6 Dodging
 - Level 3.6 Shields


You had 3 spell levels left.
You didn't know any spells.
Your spell library was empty.

Dungeon Overview and Level Annotations

Branches:
Dungeon (2/15)

Altars:
Trog

Annotations:
D:4 Robin


Innate Abilities, Weirdness & Mutations

You have a pair of horns on your head.
You reflexively headbutt those who attack you in melee.


Message History

You take 9 damage, and have 10/40 hp. !!!!--MASSIVE DAMAGE--!!!!
You hit the goblin.
You kill the goblin!
You barely miss the goblin.
The orc wizard gestures wildly while chanting.
The orc wizard flickers and vanishes!
The goblin hits you but does no damage. The goblin hits you with a +0 dagger.
* * * LOW HITPOINT WARNING * * *
You block the orc's attack.
You take 2 damage, and have 8/40 hp.
You barely miss the goblin. x2; You closely miss the orc.
You block the goblin's attack. x2; The orc closely misses you.
Unknown command.
You slash the goblin!
You kill the goblin!
You hit the goblin.
You kill the goblin!
You hit the orc.
You hear some strange, mumbled words.
Something tries to affect you, but you resist.
Robin throws the goblin at you! The orc hits you with a +0 flail.
* * * LOW HITPOINT WARNING * * *
The goblin closely misses you. You furiously retaliate!
You headbutt the goblin!!
You kill the goblin!
You take 4 damage, and have 5/40 hp.
You hit the orc.
You kill the orc!
Something hits you.
* * * LOW HITPOINT WARNING * * *
The goblin hits you but does no damage.
You take 3 damage, and have 2/40 hp.
It was a potion of berserk rage.
A red film seems to cover your vision as you go berserk!
You feel yourself moving faster!
You feel mighty!
The goblin no longer looks unusually strong.
You hear some strange, mumbled words.
A puff of flame appears from out of thin air!
The puff of flame hits you.
You die...

.g..g.# ...g.##
$..#g.# #######
##.#..###.....#
#............#
###.......g..#
#....###.....#
......# #....g#####
#.....# #...ggg{@)#
#.....# #...{o###g#
##................#
#........#.......#
...._.#..≈§...#
......#..≈§...#
..o####..≈≈...#
..oo.....≈≈...#


You could see an orc, a hobgoblin (strong) and 4 goblins.

Vanquished Creatures
  A hound (D:4)
  An ufetubus (D:4)
  A worm (D:2)
  2 dart slugs (D:1)
  2 orcs (D:4)
  3 ball pythons (D:1)
  An endoplasm (D:1)
  3 hobgoblins
  A jackal (D:2)
  3 kobolds (D:1)
  3 quokkas (D:1)
  2 bats (D:1)
  3 frilled lizards (D:1)
  8 goblins
  3 rats (D:1)
37 creatures vanquished.

Notes
Turn   | Place    | Note
-------+----------+-------------------------------------------
     0 | D:1      | Iich the Minotaur Fighter began the quest for the Orb.
     0 | D:1      | Reached XP level 1. HP: 19/19 MP: 0/0
   158 | D:1      | Reached XP level 2. HP: 21/27 MP: 1/1
   307 | D:1      | Reached skill level 1 in Dodging
   571 | D:1      | Reached XP level 3. HP: 33/33 MP: 2/2
   771 | D:2      | You fall into a shaft and drop 2 floors!
   780 | D:4      | Noticed Robin
   789 | D:4      | Found a bloodstained altar of Trog.
   806 | D:4      | Reached XP level 4. HP: 18/40 MP: 3/3
   811 | D:4      | HP: 2/40 [something (3)]
   812 | D:4      | Killed from afar by an orc wizard

Illustrated notes

Levels and vault maps discovered:
D:1:      roderic_crossed_star, layout_loops_ring, amethyst_killhole,
          st_stairs_7, minmay_cut_off
D:2:      layout_basic, serial_glass, glass_columns_a, glass_columns_a,
          due_unseen_surprise, minmay_strange_pillars, item_on_display_a,
          feat_on_display, lightli_corner_chamber
D:4:      layout_rooms, mainiacjoe_overflow_chevrons,
          mainiacjoe_overflow_six_doors_small, uniq_eustachio, uniq_robin

Skill      XL: |  1  2  3 |
---------------+----------+-----
Axes           | 3 |  3.9
Dodging        | 1 |  1.6
Fighting       | 4 |  4.2
Armour         | 4 |  4.2
Shields        | |  3.6

Action                     |  1- 3 |  4- 6 || total
---------------------------+-------+-------++-------
  Melee: War axe           |    71 |     6 ||    77
         Headbutt          |     5 |       ||     5
    Use: Potion            |     1 |     1 ||     2
 Armour: Scale mail        |    73 |    11 ||    84
  Dodge: Dodged            |    46 |     2 ||    48
  Block: Buckler           |    16 |     3 ||    19

Table legend: (Time is in decaauts)
 A = Elapsed time spent in this place.
 B = Non-inter-level travel time spent in this place.
 C = Inter-level travel time spent in this place.
 D = Time resting spent in this place.
 E = Time spent auto-exploring this place.
 F = Levels seen in this place.
 G = Mean time per level.
                   A        B        C        D        E       F      G
               +--------+--------+--------+--------+--------+-----+--------+
         Total |    840 |    809 |     31 |      0 |    610 |   3 |  280.0 |
       Dungeon |    840 |    809 |     31 |      0 |    610 |   3 |  280.0 |
               +--------+--------+--------+--------+--------+-----+--------+

Top non-repeatable levels by time:
     D:1: 750 daAuts
     D:2: 45 daAuts
     D:4: 44 daAuts
